 Dungeon Crawl Stone Soup version 0.25.1-9-gc5326a611f (webtiles) character file.

Game seed: 6848287084592557202

37053 Etesian the Geomancer (level 13, -17/80 HPs)
             Began as a Gargoyle Earth Elementalist on Aug 26, 2021.
             Was an Elder of Sif Muna.
             Hit by a silver javelin thrown by a minotaur (26 damage)
             ... in a Gauntlet.
             The game lasted 00:47:22 (17233 turns).

Etesian the Geomancer (GrEE)                       Turns: 17233, Time: 00:47:22

Health: -17/80     AC: 16    Str: 13    XL:     13   Next: 94%
Magic:  21/21      EV: 10    Int: 23    God:    Sif Muna [****..]
Gold:   232        SH:  8    Dex: 10    Spells: 3/22 levels left

rFire    + . .     SeeInvis .   a - +2 dagger (elec)
rCold    . . .     Gourm    .   d - +0 buckler
rNeg     + . .     Faith    .   M - +0 troll leather armour
rPois    ∞         Spirit   .   J - +1 helmet {Int+3}
rElec    +         Reflect  +   (no cloak)
rCorr    .         Harm     .   u - +0 pair of gloves
MR       +....     NoTele   +   (no boots)
Stlth    +++.......             e - amulet of reflection
HPRegen  0.63/turn              y - ring of protection from magic
MPRegen  0.17/turn              B - ring of protection from fire

@: very slightly contaminated
A: negative energy resistance 1, electricity resistance, unbreathing,
petrification resistance, rot immunity, AC +9
a: Channel Magic, Forget Spell, Divine Exegesis, Renounce Religion


You were in a Gauntlet.
You worshipped Sif Muna.
Sif Muna was greatly pleased with you.
You were not hungry.

You visited 2 branches of the dungeon, and saw 12 of its levels.
You also visited: Ossuary and Gauntlet.

You collected 872 gold pieces.
You spent 640 gold pieces at shops.

Inventory:

Hand Weapons
 a - a +2 dagger of electrocution (weapon)
Missiles
 i - 191 arrows
 q - 6 poisoned darts
 F - 370 stones (quivered)
Armour
 d - a +0 buckler (worn)
 u - a +0 pair of gloves (worn)
 J - a +1 helmet of intelligence (worn)
 M - a +0 troll leather armour (worn)
Jewellery
 e - an amulet of reflection (around neck)
 x - an uncursed ring of protection from magic
 y - a ring of protection from magic (left hand)
 B - a ring of protection from fire (right hand)
Wands
 A - a wand of flame (10)
 C - a wand of clouds (9)
 H - a wand of paralysis (12)
 N - a wand of iceblast (11)
Scrolls
 f - 2 scrolls of magic mapping
 m - 2 scrolls of teleportation
 r - 4 scrolls of enchant weapon
 v - a scroll of identify
 w - 2 scrolls of amnesia
 z - 2 scrolls of blinking
 E - 2 scrolls of remove curse
 G - a scroll of fog
Potions
 g - 4 potions of brilliance
 h - a potion of flight
 j - 3 potions of might
 k - 8 potions of curing
 l - a potion of mutation
 n - 4 potions of lignification
 o - 2 potions of resistance
 s - 3 potions of haste
 t - a potion of stabbing
 D - a potion of cancellation
 I - a potion of magic
Miscellaneous
 L - a lightning rod (4/4)
 O - a phial of floods
Comestibles
 c - 12 rations


   Skills:
 - Level 9.0 Fighting
 - Level 2.0 Short Blades
 - Level 1.5 Dodging
 - Level 8.0 Stealth
 * Level 0.0 Shields
 + Level 5.3 Spellcasting
 - Level 6.0 Conjurations
 - Level 4.0 Necromancy
 - Level 7.5 Transmutations
 - Level 13.4 Earth Magic
 - Level 10.0 Invocations


You had 3 spell levels left.
You knew the following spells:

 Your Spells              Type           Power        Failure   Level  Hunger
a - Sandblast             Erth           ######       1%          1    None
b - Lee's Rapid Deconstr  Erth           ######....   2%          5    #####..
c - Stone Arrow           Conj/Erth      ######       1%          3    ##.....
p - Petrify               Tmut/Erth      ######..     2%          4    ####...
V - Borgnjor's Vile Clut  Necr/Erth      #####.....   16%         5    #####..
Z - Animate Skeleton      Necr           N/A          3%          1    None

Your spell library contained the following spells:

 Spells                   Type           Power        Failure   Level  Hunger
 Passwall                 Tmut/Erth      ######..     1%          2    None
 Corpse Rot               Necr/Air       N/A          13%         2    None
 Apportation              Tloc           #.....       19%         1    None
 Corona                   Hex            #......      19%         1    None
 Summon Small Mammal      Summ           #...         19%         1    None
 Dispel Undead            Necr           ###.....     36%         4    ####...
 Excruciating Wounds      Chrm/Necr      ###.......   93%         5    #####..


Dungeon Overview and Level Annotations

Branches:
Dungeon (11/15)            Temple (1/1) D:4            Lair (0/6) D:9
    Orc (0/2) D:10        Ossuary (visited)         Gauntlet (1/1)

Altars:
Ashenzari
Cheibriados
Dithmenos
Elyvilon
Fedhas
Gozag
Hepliaklqana
Kikubaaqudgha
Makhleb
Nemelex Xobeh
Okawaru
Qazlal
Ru
Sif Muna
Trog
Uskayaw
Vehumet
Wu Jian
Xom
Yredelemnul
Zin
The Shining One

Shops:
D:4 %   D:9 }

Annotations:
Gauntlet 8 transporters, 1 runed translucent door, exclusion: oklob plant


Innate Abilities, Weirdness & Mutations

You are resistant to torment.
Your stone body is resilient. (AC +9)
You are immune to poison.
You resist negative energy. (rN+)
You are resistant to electric shocks. (rElec)
You can survive without breathing.
You are immune to petrification.
You are immune to rotting.


Message History

The helpless minotaur fails to defend itself.
You hit the minotaur. Lightning courses through the minotaur!
The minotaur is heavily wounded.
The helpless minotaur fails to defend itself.
You hit the minotaur.
The minotaur is heavily wounded.
The minotaur is no longer petrified.
The minotaur hits you with a +1 glaive of venom!!
* * * LOW HITPOINT WARNING * * *
The minotaur gores you.
* * * LOW HITPOINT WARNING * * *
You hit the minotaur. Lightning courses through the minotaur!
The minotaur is severely wounded.
Okay, then.
Blink to where?
Press: ? - help, Dir - move target cursor, p - minotaur
As you read the scroll of blinking, it crumbles to dust.
The minotaur throws a silver javelin.
The silver javelin pierces through you!!
You die...

..©)..#.#.#?©[..#.#2[$©##.#..##
#######.#########.#########..≈#
.............................##
..........8.∩.8......§§......≈#
#≈#≈#≈#############≈#≈#≈#≈#≈###
########.........############
##...©.©.©...## #(..H§........#
#.#.#######@#.# #.#....#....#.#
#.##.#.##.# ... ... ... #..##
##..# #..# #..# ...# #... #8.#
#.8#


You could see a minotaur.

Vanquished Creatures
  Harold (D:8)
  A hell beast (Gauntlet)
  A tengu warrior (Gauntlet)
  A two-headed ogre (D:7)
  2 unseen horrors (D:10)
  A gargoyle (D:10)
  Maggie (D:6)
  2 tengu conjurers (Gauntlet)
  2 trolls
  2 hippogriffs
  A yak (D:9)
  A human (D:9)
  A steam dragon (D:10)
  4 hogs (D:9)
  A water moccasin (D:10)
  A soldier ant (Gauntlet)
  Duvessa (D:4)
  A hell hound (Gauntlet)
  7 orc warriors
  2 porcupines (D:9)
  3 black bears
  4 ice beasts
  A phantom (D:10)
  An ogre (D:9)
  3 centaurs
  A crocodile (D:9)
  2 big kobolds
  5 bullfrogs
  A wyvern zombie (D:8)
  Dowan (D:4)
  3 scorpions
  19 killer bees
  5 howler monkeys
  3 wights (D:8)
  9 electric eels (D:10)
  3 centaur zombies
  9 crimson imps
  A bullfrog zombie (D:7)
  The ghost of H0rd4k the Magician, a weakling DEWz (D:4)
  5 hounds
  3 quasits (D:4)
  A jelly (D:10)
  6 orc priests
  Ijyb (D:3)
  3 bullfrog skeletons
  2 centaur skeletons
  Jessica (D:2)
  3 iguanas
  11 worker ants
  10 orc wizards
  A killer bee zombie (D:6)
  8 mummies (Ossuary)
  A worker ant zombie (D:5)
  16 gnolls
  8 adders
  3 shadow imps
  An adder skeleton (D:9)
  2 worms
  3 dart slugs (D:1)
  5 leopard geckos
  50 orcs
  3 ball pythons
  7 bats
  5 giant cockroaches
  2 gnoll zombies (Ossuary)
  9 goblins
  9 hobgoblins
  20 jackals
  7 quokkas
  9 frilled lizards
  4 hobgoblin zombies (Ossuary)
  A jackal skeleton (D:6)
  A jackal zombie (D:5)
  18 kobolds
  A kobold zombie (Ossuary)
  3 leopard gecko skeletons
  An orc zombie (Ossuary)
  8 rats
  A plant (D:9)
362 creatures vanquished.

Vanquished Creatures (others)
  An orc wizard (D:3)
  10 fungi (D:9)
  3 plants (D:9)
14 creatures vanquished.

Grand Total: 376 creatures vanquished

Notes
Turn   | Place    | Note
-------+----------+-------------------------------------------
     0 | D:1      | Etesian the Gargoyle Earth Elementalist began the quest for
                  | the Orb.
     0 | D:1      | Reached XP level 1. HP: 10/10 MP: 3/3
   124 | D:1      | Reached skill level 4 in Earth Magic
   159 | D:1      | Reached XP level 2. HP: 15/15 MP: 3/5
  1056 | D:1      | Reached XP level 3. HP: 18/19 MP: 4/6
  2197 | D:2      | Reached skill level 5 in Earth Magic
  2321 | D:2      | Reached XP level 4. HP: 24/24 MP: 8/8
  2385 | D:2      | Noticed Jessica
  2388 | D:2      | Killed Jessica
  2653 | D:2      | Learned a level 3 spell: Stone Arrow
  3208 | D:3      | Noticed Ijyb
  3257 | D:3      | Reached XP level 5. HP: 28/28 MP: 6/9
  3260 | D:3      | Reached skill level 1 in Conjurations
  3271 | D:3      | Reached skill level 6 in Earth Magic
  4021 | D:2      | Reached XP level 6. HP: 32/32 MP: 3/10
  4946 | D:4      | Found a sand-covered staircase.
  4955 | Ossuary  | Entered an ossuary
  5001 | Ossuary  | Reached skill level 7 in Earth Magic
  5202 | Ossuary  | Reached XP level 7. HP: 36/36 MP: 2/12
  5611 | D:4      | Learned a level 5 spell: Lee's Rapid Deconstruction
  5616 | D:4      | Learned a level 4 spell: Petrify
  5619 | D:4      | Found a transporter.
  5622 | D:4      | Noticed H0rd4k's ghost (weakling DEWz)
  5635 | D:4      | Noticed Duvessa
  5635 | D:4      | Noticed Dowan
  5991 | D:4      | Found Fairuergh's Food Boutique.
  6091 | D:4      | Found a staircase to the Ecumenical Temple.
  6104 | Temple   | Entered the Ecumenical Temple
  6229 | Temple   | Became a worshipper of Sif Muna the Loreminder
  6395 | D:4      | Found a bloodstained altar of Trog.
  6398 | D:4      | Found an ancient bone altar of Kikubaaqudgha.
  6401 | D:4      | Found a glowing silver altar of Zin.
  6613 | D:4      | Found a transporter.
  6852 | D:5      | Entered Level 5 of the Dungeon
  7338 | D:5      | Reached skill level 8 in Earth Magic
  7354 | D:5      | Reached skill level 5 in Conjurations
  7356 | D:5      | Found a sacrificial altar of Ru.
  7442 | D:5      | Reached XP level 8. HP: 39/41 MP: 14/14
  7931 | D:5      | Reached * piety under Sif Muna
  8025 | D:6      | Reached skill level 9 in Earth Magic
  8331 | D:6      | Noticed Maggie
  8365 | D:6      | Killed Maggie
  8365 | D:6      | Reached skill level 10 in Earth Magic
  8377 | D:6      | Reached XP level 9. HP: 40/45 MP: 2/15
  8386 | D:6      | Reached skill level 11 in Earth Magic
  8639 | D:6      | Reached ** piety under Sif Muna
  8733 | D:6      | Got a translucent whip
  8734 | D:6      | Identified the +8 whip of Giuvea {vorpal, Stlth+} (You
                  | found it on level 6 of the Dungeon)
  9092 | D:7      | Noticed a two-headed ogre
  9238 | D:7      | Reached skill level 1 in Invocations
  9691 | D:3      | Killed Ijyb
  9934 | D:4      | Killed Duvessa
 10215 | D:4      | Killed Dowan
 10412 | D:4      | Killed H0rd4k's ghost
 10718 | D:7      | Reached skill level 5 in Stealth
 10805 | D:7      | Found a stormy altar of Qazlal.
 11568 | D:7      | Reached skill level 1 in Short Blades
 11673 | D:7      | Killed a two-headed ogre
 11673 | D:7      | Reached skill level 1 in Transmutations
 11673 | D:7      | Reached skill level 12 in Earth Magic
 11673 | D:7      | Reached XP level 10. HP: 37/50 MP: 1/16
 11812 | D:7      | Found a glowing golden altar of the Shining One.
 12102 | D:8      | Noticed Harold
 12228 | D:8      | Killed Harold
 12875 | D:9      | Found Godora's Gadget Emporium.
 12880 | D:9      | Bought a lightning rod (4/4) for 640 gold pieces
 12917 | D:9      | Reached skill level 5 in Invocations
 13176 | D:9      | Reached *** piety under Sif Muna
 13516 | D:9      | Reached XP level 11. HP: 54/54 MP: 2/17
 14031 | D:9      | Found a shimmering altar of Xom.
 14032 | D:9      | Found a shimmering altar of Xom.
 14033 | D:9      | Found a shimmering altar of Xom.
 14033 | D:9      | Found a shimmering altar of Xom.
 14050 | D:9      | Found a staircase to the Lair.
 14054 | D:9      | Found a shimmering altar of Xom.
 14415 | D:10     | Entered Level 10 of the Dungeon
 14796 | D:10     | Reached **** piety under Sif Muna
 14806 | D:10     | Found a burning altar of Makhleb.
 15040 | D:10     | Killed an unseen horror
 15220 | D:10     | Reached skill level 5 in Transmutations
 15437 | D:10     | Reached skill level 10 in Invocations
 15440 | D:10     | Learned a level 1 spell: Animate Skeleton
 15505 | D:10     | Found a staircase to the Orcish Mines.
 15590 | D:10     | Reached skill level 1 in Necromancy
 15999 | D:10     | Killed an unseen horror
 16574 | D:11     | Found a gate leading to a gauntlet.
 16593 | Gauntlet | Entered a Gauntlet
 16593 | Gauntlet | Found a transporter.
 16593 | Gauntlet | Found a transporter.
 16593 | Gauntlet | Found a runed translucent door.
 16593 | Gauntlet | Noticed a tengu warrior
 16594 | Gauntlet | Noticed an oklob plant
 16599 | Gauntlet | Found a transporter.
 16611 | Gauntlet | Found a transporter.
 16633 | Gauntlet | Found a transporter.
 16633 | Gauntlet | Found a transporter.
 16633 | Gauntlet | Found a transporter.
 16633 | Gauntlet | Noticed a queen ant
 16635 | Gauntlet | Found a transporter.
 16635 | Gauntlet | Found a transporter.
 16647 | Gauntlet | Found a transporter.
 16659 | Gauntlet | Noticed a great orb of eyes
 16662 | Gauntlet | Found a transporter.
 16663 | Gauntlet | Noticed a green ugly thing
 16672 | Gauntlet | Found a transporter.
 16676 | Gauntlet | Noticed a hell beast
 16677 | Gauntlet | Found a transporter.
 16711 | Gauntlet | Found a transporter.
 16718 | Gauntlet | Found a runed translucent door.
 16786 | Gauntlet | Reached XP level 12. HP: 76/76 MP: 19/19
 16787 | Gauntlet | Reached skill level 13 in Earth Magic
 16787 | Gauntlet | Reached XP level 13. HP: 80/80 MP: 20/20
 16829 | Gauntlet | Identified Ymour's Guide on Black Rites
 16837 | Gauntlet | Learned a level 5 spell: Borgnjor's Vile Clutch
 17031 | Gauntlet | Reached skill level 5 in Spellcasting
 17035 | Gauntlet | Got a brightly glowing hat
 17036 | Gauntlet | Identified the +0 hat "Koipsei" {+Fly rN+++ MP-9 Int-3}
                  | (You found it in a Gauntlet)
 17209 | Gauntlet | Identified the +10 chain mail of the Heavens {*Slow MR-
                  | Str+7}
 17209 | Gauntlet | Noticed a minotaur
 17233 | Gauntlet | Hit by a silver javelin thrown by a minotaur

Illustrated notes

Levels and vault maps discovered:
D:1:      mrwooster_arrival_statue, layout_basic, minmay_ruptured
D:2:      layout_loops_ring, uniq_jessica
D:3:      layout_basic, uniq_ijyb
D:4:      layout_basic, grunt_temple_overflow_diamond,
          minmay_temple_entry_statues_fountains, first_ration,
          gammafunk_ghost_stat_death, chequers_ossuary_entry_cave, serial_shops,
          nicolae_shop_trees, uniq_duvessa
D:5:      layout_gridville, nicolae_ru_path_of_blood, corexii_checkpoint_a
D:6:      layout_rooms, uniq_maggie
D:7:      layout_cave_pools, nicolae_tso_carved_into_rock, grunt_qazlal_clouds
D:8:      layout_loops_ring, uniq_harold
D:9:      layout_rooms, grunt_lair_entry_orc_guard_hut, serial_shops, shop,
          grunt_livestock, roderic_lattice_a, xom_redecorated
D:10:     layout_basic, orc_0_dummy, bloody_makhleb
D:11:     layout_irregular_city, gauntlet_entry_generic,
          nicolae_trove_entry_diagonal, uniq_erolcha
Temple:   nicolae_temple_elliptical
Gauntlet: gammafunk_gauntlet_mixed_choke_point
          [minmay_gauntlet_arena_77_cramped, minmay_gauntlet_arena_77_checkered,
          minmay_gauntlet_arena_77_two_lines,
          nicolae_gauntlet_arena_flowing_pool, minmay_gauntlet_arena_77_museum,
          minmay_gauntlet_arena_77_squiggly, minmay_gauntlet_arena_77_fan,
          nicolae_gauntlet_exit_dead_adventurers]

Skill      XL: |  1  2  3  4  5  6  7  8  9 10 11 12 13 |
---------------+----------------------------------------+-----
Earth Magic    | 4 5 6 7 8 10 12 13 | 13.4
Spellcasting   | 3 4 5 |  5.3
Conjurations   | 2 3 5 6 |  6.0
Invocations    | 2 7 10 | 10.0
Stealth        | 8 |  8.0
Short Blades   | 2 |  2.0
Transmutations | 1 3 5 7 |  7.5
Necromancy     | 3 4 |  4.0
Fighting       | 9 |  9.0
Dodging        | |  1.5

Action                   |  1- 3 |  4- 6 |  7- 9 | 10-12 | 13-15 || total
-------------------------+-------+-------+-------+-------+-------++-------
Melee: Unarmed           |   155 |       |       |       |       ||   155
       Short sword       |    27 |    70 |       |       |       ||    97
       Spear             |       |   172 |   262 |       |       ||   434
       Dagger            |       |       |   114 |   364 |    35 ||   513
       Whip              |       |       |    68 |       |       ||    68
 Cast: Sandblast         |    26 |    14 |     8 |     7 |       ||    55
       Stone Arrow       |       |    15 |    18 |     8 |       ||    41
       Petrify           |       |       |    26 |    38 |    13 ||    77
       Lee's Rapid Decon |       |       |    11 |    27 |     2 ||    40
       Animate Skeleton  |       |       |       |     3 |     2 ||     5
Invok: Channel Magic     |       |       |     1 |     1 |     1 ||     3
Evoke: Wand              |       |       |       |    19 |       ||    19
  Use: Scroll            |       |    11 |     8 |     5 |     2 ||    26
       Potion            |       |       |     4 |     2 |     5 ||    11
 Stab: Sleeping          |     3 |     3 |     5 |     7 |       ||    18
       Petrified         |       |       |    78 |    45 |    18 ||   141
       Petrifying        |       |       |     1 |     4 |     1 ||     6
       Distracted        |       |       |       |     1 |       ||     1
  Eat: Chunk             |     5 |    10 |    15 |    29 |     2 ||    61
       Ration            |       |       |     5 |     1 |     1 ||     7
Armor: Robe              |    54 |    68 |   144 |   122 |       ||   388
       Skin              |       |       |   106 |       |       ||   106
       Steam dragon scal |       |       |       |    36 |    16 ||    52
Dodge: Dodged            |   102 |   113 |   270 |   181 |    17 ||   683
Block: Other             |    41 |    49 |   132 |    84 |     9 ||   315
       Reflection        |       |     6 |     8 |     5 |       ||    19
       Buckler           |       |       |       |       |     2 ||     2
